 Dungeon Crawl Stone Soup version 0.22.0-6-g71bd7aa6b3 (webtiles) character file.

1675415 Yermak the Ninja (level 26, 147/147 HPs)
             Began as a Spriggan Air Elementalist on Aug 15, 2018.
             Was the Champion of Nemelex Xobeh.
             Escaped with the Orb
             ... and 3 runes!
             The game lasted 05:55:52 (69408 turns).

Yermak the Ninja (Spriggan Air Elementalist)       Turns: 69408, Time: 05:55:53

Health: 147/147    AC:  8    Str:  4    XL:     26   Next: 59%
Magic:  47/47      EV: 42    Int: 20    God:    Nemelex Xobeh [******]
Gold:   791        SH: 11    Dex: 23    Spells: 1/46 levels left

rFire    + + +     SeeInvis +   b - +10 quick blade of the Omega Point {venom, rElec rF++}
rCold    + + .     Gourm    .   o - +3 buckler {rC+}
rNeg     + + .     Faith    .   Y - +5 steam dragon scales
rPois    +         Spirit   +   w - -2 hat of the Alchemist {rElec rPois rF+ rC+ rN+ MR+ rMut rCorr}
rElec    +         Reflect  .   h - scarf {Spirit}
rCorr    +         Harm     .   (gloves unavailable)
rMut     +                      (boots unavailable)
MR       +++++                  r - amulet of regeneration
Stlth    ++++......             n - ring "Dozah" {rN+ MP+9 Slay+3 Stlth+, =R}
HPRegen  0.74/turn              y - +4 ring of slaying
MPRegen  0.30/turn

@: deflect missiles, very quick
A: very small, unfitting armour, see invisible, clumsy 1, herbivore, speed 3,
slow metabolism 2
0: Orb of Zot
}: 3/15 runes: decaying, serpentine, abyssal
a: Triple Draw, Deal Four, Stack Five, Renounce Religion


You escaped.
You worshipped Nemelex Xobeh.
Nemelex Xobeh was exalted by your worship.
You were full.

You visited 11 branches of the dungeon, and saw 50 of its levels.
You visited the Abyss 1 time.
You also visited: Trove and Ice Cave.

You collected 7279 gold pieces.
You spent 6488 gold pieces at shops.

Inventory:

Hand Weapons
 a - a +9 quick blade of electrocution
 b - the +10 quick blade of the Omega Point (weapon) {venom, rElec rF++}
   (You acquired it on level 2 of the Snake Pit)

   It poisons the flesh of those it strikes.
   It greatly protects you from fire.
   It insulates you from electricity.
Missiles
 Z - a throwing net (quivered)
Armour
 h - a scarf of spirit shield (worn)
 o - a +3 buckler of cold resistance (worn)
 p - the +1 cloak of the Three Continents {rF+ rC++ Slay+5 Stlth+}
   (You found it on level 3 of the Abyss)

   It affects your accuracy and damage with ranged weapons and melee attacks
   (+5).
   It protects you from fire.
   It greatly protects you from cold.
   It makes you more stealthy.
 w - the -2 hat of the Alchemist (worn) {rElec rPois rF+ rC+ rN+ MR+ rMut rCorr}
   (You bought it in a shop on level 7 of the Dungeon)

   It protects you from fire.
   It protects you from cold.
   It insulates you from electricity.
   It protects you from poison.
   It protects you from negative energy.
   It affects your resistance to hostile enchantments.
   It provides partial protection from all sources of acid and corrosion.
   It protects you from mutation.
 Y - +5 steam dragon scales (worn)
Jewellery
 n - the ring "Dozah" (left hand) {rN+ MP+9 Slay+3 Stlth+, =R}
   (You found it in an ice cave)

   [ring of magical power]

   It affects your accuracy and damage with ranged weapons and melee attacks
   (+3).
   It protects you from negative energy.
   It affects your magic capacity (+9).
   It makes you more stealthy.
 r - an amulet of regeneration (around neck)
 y - a +4 ring of slaying (right hand)
 N - the ring of Puozyxic {*Contam rElec MR+ Str+4 Int+6}
   (You took it off a deep elf blademaster on level 3 of the Elven Halls)

   [ring of protection from magic]

   It affects your strength (+4).
   It affects your intelligence (+6).
   It insulates you from electricity.
   It affects your resistance to hostile enchantments.
   It causes magical contamination when unequipped.
Wands
 A - a wand of acid (23)
 D - a wand of digging (16)
 O - a wand of clouds (8)
 P - a wand of paralysis (27)
 S - a wand of scattershot (9)
Scrolls
 d - 8 scrolls of vulnerability
 e - 4 scrolls of summoning
 s - 10 scrolls of fear
 v - 10 scrolls of fog
 x - a scroll of holy word
 B - a scroll of blinking
 R - 11 scrolls of identify
 T - 37 scrolls of teleportation
 U - 4 scrolls of immolation
Potions
 i - 5 potions of agility
 k - a potion of resistance
 l - 9 potions of heal wounds
 t - 5 potions of mutation {!q}
 u - 7 potions of might
 H - 3 potions of haste
 J - 5 potions of cancellation
 L - 5 potions of ambrosia
 Q - 22 potions of curing
 W - 4 potions of magic
Miscellaneous
 f - a legendary deck of summoning {drawn: 11} {god gift}
 g - a legendary deck of summoning {god gift}
 j - a legendary deck of destruction {drawn: 1} {god gift}
 m - a legendary deck of summoning {god gift}
 C - a legendary deck of summoning {god gift}
 E - a legendary deck of escape {Velocity, left: 4} {god gift, tvvvs}
 F - a legendary deck of escape {the Elixir, left: 5} {god gift, esstc}
 G - a legendary deck of escape {the Tomb, left: 3} {god gift, ttt}
 I - a legendary deck of escape {Velocity, left: 2} {god gift, ccevv}
 K - an ornate deck of escape {the Elixir, left: 4} {god gift, tesvv}
 M - an ornate deck of escape {the Elixir, left: 4} {god gift}
 V - a legendary deck of escape {the Tomb, left: 4} {god gift, vtcsv}
 X - a phial of floods
Comestibles
 z - 53 rations


   Skills:
 + Level 17.9 Fighting
 - Level 10.0 Short Blades
 O Level 27 Dodging
 O Level 27 Stealth
 - Level 5.0 Shields
 - Level 10.5 Spellcasting
 - Level 3.0 Conjurations
 - Level 16.0 Hexes
 - Level 14.0 Charms
 - Level 2.0 Necromancy
 - Level 7.0 Translocations
 - Level 5.0 Transmutations
 - Level 2.0 Ice Magic
 - Level 8.0 Air Magic
 - Level 3.0 Earth Magic
 - Level 2.0 Poison Magic
 + Level 17.0 Invocations
 + Level 20.4 Evocations


You had one spell level left.
You knew the following spells:

 Your Spells              Type           Power        Failure   Level  Hunger
a - Ensorcelled Hibernat  Hex/Ice        #####.       1%          2    None
b - Animate Skeleton      Necr           N/A          3%          1    None
c - Passwall              Tmut/Erth      ####....     2%          2    None
d - Blink                 Tloc           N/A          1%          2    None
e - Lesser Beckoning      Tloc           #####.....   1%          3    None
f - Deflect Missiles      Chrm/Air       ######....   13%         6    ######.
g - Passage of Golubria   Tloc           N/A          4%          4    ##.....
m - Mephitic Cloud        Conj/Pois/Air  ####....     3%          3    None
o - Apportation           Tloc           #####.       1%          1    None
D - Darkness              Hex            ######....   1%          6    ######.
F - Cause Fear            Hex            ######....   1%          4    ##.....
I - Invisibility          Hex            ######..     1%          6    ######.
K - Silence               Hex/Air        ######....   1%          5    ####...

Your spell library contained the following spells:

 Spells                   Type           Power        Failure   Level  Hunger
 Lightning Bolt           Conj/Air       ####......   22%         5    ####...
 Bolt of Magma            Conj/Fire/Erth ###.......   67%         5    ####...
 Venom Bolt               Conj/Pois      ###.......   58%         5    ####...
 Olgreb's Toxic Radiance  Pois           ###.....     32%         4    ##.....
 Teleport Other           Tloc           #####...     1%          3    None
 Summon Small Mammal      Summ           ##..         8%          1    None
 Summon Ice Beast         Ice/Summ       ##......     45%         4    ##.....
 Sting                    Conj/Pois      ###.         2%          1    None
 Tukima's Dance           Hex            ######..     1%          3    None
 Corpse Rot               Necr           N/A          4%          2    None
 Iron Shot                Conj/Erth      ###.......   98%         6    ######.
 Stone Arrow              Conj/Erth      ###...       7%          3    None
 Shock                    Conj/Air       ####         1%          1    None
 Swiftness                Chrm/Air       ######..     1%          2    None
 Spider Form              Tmut/Pois      ###.......   5%          3    None
 Blade Hands              Tmut           ####......   26%         5    ####...
 Statue Form              Tmut/Erth      ####.....    92%         6    ######.
 Ice Form                 Ice/Tmut       ###.....     17%         4    ##.....
 Dragon Form              Tmut           ####......   100%        7    #######
 Airstrike                Air            #####.....   2%          4    ##.....
 Shadow Creatures         Summ           N/A          100%        6    ######.
 Confusing Touch          Hex            ######       0%          1    None
 Ignite Poison            Fire/Tmut/Pois ###.....     9%          3    None
 Sticks to Snakes         Tmut           ####....     1%          2    None
 Call Canine Familiar     Summ           ##......     22%         3    None
 Summon Butterflies       Summ           ##......     8%          1    None
 Shatter                  Erth           ###.......   100%        9    #######
 Static Discharge         Conj/Air       ####....     2%          3    None
 Corona                   Hex            ######.      0%          1    None
 Alistair's Intoxication  Tmut/Pois      ###.....     45%         5    ####...
 Leda's Liquefaction      Hex/Erth       #####.....   1%          4    ##.....
 Summon Hydra             Summ           ##........   100%        7    #######
 Shroud of Golubria       Chrm/Tloc      ######....   1%          2    None
 Beastly Appendage        Tmut           ####..       1%          1    None
 Dazzling Spray           Conj/Hex       #####.       1%          3    None
 Discord                  Hex            ######....   56%         8    #######
 Summon Forest            Summ/Tloc      ###.......   45%         5    ####...
 Summon Guardian Golem    Hex/Summ       #####...     1%          3    None
 Summon Mana Viper        Hex/Summ       #####...     8%          5    ####...
 Hydra Form               Tmut           ####......   83%         6    ######.
 Irradiate                Conj/Tmut      ####......   38%         5    ####...
 Gell's Gravitas          Tloc           #####.....   1%          3    None
 Yara's Violent Unravell  Hex/Tmut       ######....   2%          5    ####...
 Poisonous Vapours        Pois/Air       ####..       1%          2    None
 Borgnjor's Vile Clutch   Necr/Erth      ###.......   58%         5    ####...


Dungeon Overview and Level Annotations

Branches:
Dungeon (15/15)            Temple (0/1) D:5            Lair (6/6) D:10
  Swamp (4/4) Lair:3        Snake (4/4) Lair:2        Slime (0/5) Lair:5
    Orc (2/2) D:9             Elf (3/3) Orc:2        Vaults (4/5) D:13
  Crypt (1/3) Vaults:2     Depths (5/5) D:15           Hell (1/1)
    Zot (5/5) Depths:5
    Dis: Hell:1         Geh: Hell:1         Coc: Hell:1         Tar: Hell:1

Altars:
Ashenzari
Dithmenos
Fedhas
Gozag
Hepliaklqana
Makhleb
Nemelex Xobeh
Okawaru
Qazlal
Trog
Vehumet
Yredelemnul
Beogh
Jiyva

Shops:
D:7 [   D:12 ?   D:13 }   Orc:2 ?}}:   Snake:4 [%*(   Vaults:1 *   Depths:3 [?
Depths:4 ?

Portals:
Hell: Lair:6 Depths:1 Depths:2 Depths:3 Depths:4 Depths:5
Abyss: Depths:1
Pandemonium: Depths:1 Depths:3
Ziggurat: Depths:5

Annotations:
D:7 fly
D:8 exclusions: centaur warrior and fire crab, Harold
D:12 exclusion: 2 skeletal warriors
D:14 tla
Hell Geryon
Zot:2 2 transporters, exclusion: obsidian statue


Innate Abilities, Weirdness & Mutations

You are very small and have problems with some larger weapons.
You are too small for most types of armour.
You have supernaturally acute eyesight. (SInv)
You are a herbivore.
You cover ground extremely quickly.
You need to consume almost no food.
You are clumsy. (Dex -2)


Message History

(P) Snake Pit (M) Slime Pits (O) Orcish Mines (E) Elven Halls (V) Vaults (C) Crypt (U) Depths (H) Hell (Z) Zot
Where to? (* - list waypoints, Enter - D:1 @ (x,y), ? - help)
You see here a scimitar of flaming.
There is a stone staircase leading up here.
You climb upwards.
There is a stone staircase leading down here.
There is a stone staircase leading up here.
You climb upwards.
There is a stone staircase leading down here.
You open the door.
There is an open door here.
A tormentor comes into view.
There is a fountain of clear blue water here.
There is a staircase leading out of the dungeon here.
Unknown command.
The tormentor misses you. The tormentor completely misses you.
You block the tormentor's attack. The tormentor completely misses you.
You have escaped!

#.##........#...#.##...
#.##...........##......
#>....8.....##.##..#...
#..##...##..##.....####
##..##.##..........#
##...#'#.......#.#.#
#....#'#...........#
#...##2##...#..#...####
#...'⌠@⌠'...#..#.......
#...##⌠##...#.......###
#....#+#....#.##..#.#
#....#+#....).....#.#
#...##.##..########.#
#..##...##.# ###.###
#.....8....# ##......
############ ##.......
#.......#


You could see a tormentor.

Vanquished Creatures
  4 orbs of fire (Zot:5)
  A juggernaut (Depths:3)
  3 ancient liches (Zot:5)
  Boris (twice) (Vaults:3 Depths:4)
  Sojobo (Depths:4)
  3 Killer Klowns (Zot:5)
  A curse toe (Zot:4)
  2 golden dragons
  Jory (Depths:3)
  A bone dragon (Depths:5)
  4 electric golems
  Rupert (D:12)
  12 tentacled monstrosities
  An Ice Fiend (Zot:5)
  A deep elf blademaster (Elf:3)
  18 Orb Guardians
  2 deep elf master archers (Elf:3)
  7 quicksilver dragons
  4 death cobs
  2 sphinxes
  9 shadow dragons
  Kirke (D:15)
  A thorn hunter (Swamp:2)
  A draconian monk (Zot:1)
  4 tengu reavers
  11 fire giants
  4 nagarajas
  15 storm dragons
  2 azure jellies (Depths:2)
  The ghost of Gesuv the Warrior, an adept KoAs of Dithmenos (Snake:3)
  Roxanne (Snake:4)
  9 frost giants
  9 draconian scorchers
  An iron dragon (Depths:2)
  6 draconian knights
  8 vault wardens
  2 deep elf elementalists (Elf:3)
  2 angels (Depths:5)
  7 deep elf sorcerers (Elf:3)
  7 draconian shifters
  An emperor scorpion (Elf:1)
  3 draconian stormcallers
  3 ghost moths
  2 spriggan defenders
  25 very ugly things
  19 stone giants
  10 ironheart preservers
  5 deep elf demonologists
  A draconian annihilator (Zot:3)
  A vampire knight (Depths:1)
  13 white draconians
  7 deep elf annihilators (Elf:3)
  10 green draconians
  11 black draconians
  7 purple draconians
  13 red draconians
  7 ettins
  10 yellow draconians
  9 spark wasps
  A merfolk javelineer (Depths:5)
  Snorg (Orc:2)
  2 deep elf death magi (Elf:3)
  8 fire dragons
  2 quicksilver dragon zombies
  A green death (Hell)
  8 ogre magi
  A blizzard demon (Depths:3)
  3 deep elf high priests (Elf:3)
  6 yaktaur captains
  11 vault guards
  10 naga warriors
  11 great orbs of eyes
  Erolcha (D:12)
  13 hydras
  6 rakshasas
  3 spriggan air magi
  14 ice dragons
  A hell beast (Depths:1)
  An alligator snapping turtle (Depths:2)
  2 ghost crabs (Swamp:2)
  12 centaur warriors
  5 catoblepae
  4 death knights
  33 two-headed ogres
  A two-headed ogre (shapeshifter) (Depths:1)
  13 alligators
  7 anacondas
  2 satyrs
  31 dancing weapons
  4 tengu warriors
  3 vampire magi
  13 deep troll shamans
  8 deep troll earth magi
  6 spriggan berserkers
  9 thrashing horrors (Abyss:4)
  13 naga sharpshooters
  6 shock serpents
  A death yak (Lair:6)
  28 deep elf knights
  Nergalle (Lair:4)
  A titan skeleton (Crypt:1)
  2 soul eaters
  13 hell knights
  2 shadow wraiths
  7 iron trolls
  2 sixfirhies
  3 fire crabs
  3 salamander mystics (Snake:4)
  18 skeletal warriors
  A small abomination (Elf:3)
  A death drake (Elf:1)
  3 unseen horrors
  A glowing orange brain (shapeshifter) (Vaults:2)
  A swamp dragon (shapeshifter) (Depths:5)
  5 flayed ghosts
  4 swamp dragons
  31 deep trolls
  7 sea snakes
  4 spriggan druids
  7 glowing orange brains
  An infernal demonspawn (Depths:3)
  4 shambling mangroves
  2 phantasmal warriors (Vaults:3)
  A lindwurm (Elf:1)
  11 ironbrand convokers
  15 orc knights
  13 naga ritualists
  15 deep elf archers
  8 wizards
  11 mana vipers
  6 harpies
  4 wolf spiders
  Pikel (D:4)
  5 necromancers
  An orb spider (shapeshifter) (Vaults:1)
  A mana viper (shapeshifter) (Depths:2)
  67 deep elf magi
  36 ugly things
  10 salamanders
  5 oklob plants
  4 orc sorcerers
  A shining eye (Depths:2)
  A fire giant zombie (Depths:1)
  4 cyclopes
  A manticore (shapeshifter) (Depths:2)
  3 manticores
  An elephant (shapeshifter) (D:15)
  3 black mambas (shapeshifter)
  4 guardian serpents
  29 moths of wrath
  A fire giant skeleton (Depths:1)
  2 rust devils
  A smoke demon (Lair:6)
  A frost giant skeleton (Crypt:1)
  A faun (Depths:4)
  12 vault sentinels
  Maurice (D:12)
  35 black mambas
  22 naga magi
  2 gargoyles
  8 centaur zombies
  An orange demon (Lair:6)
  An ice statue (IceCv)
  18 spiny frogs
  A torpor snail (Lair:3)
  Joseph (D:8)
  2 spiny frogs (shapeshifter)
  A spriggan skeleton (Depths:1)
  A komodo dragon (shapeshifter) (Depths:2)
  An efreet (D:3)
  5 rime drakes
  5 kobold demonologists
  12 freezing wraiths
  A rime drake (shapeshifter) (Vaults:2)
  A tengu conjurer (D:15)
  16 komodo dragons
  A yaktaur (shapeshifter) (Depths:4)
  48 yaktaurs
  2 ice devils (Lair:6)
  A hellwing (Depths:1)
  A jumping spider (shapeshifter) (Depths:2)
  A queen bee (shapeshifter) (Vaults:4)
  A wind drake (Elf:1)
  A meliai (D:14)
  A silent spectre (Abyss:4)
  13 tyrant leeches
  Prince Ribbit (D:8)
  11 trolls
  A merfolk (shapeshifter) (Depths:2)
  19 hornets
  A polar bear (Lair:6)
  A red devil (Depths:1)
  A hornet (shapeshifter) (Depths:1)
  A tengu simulacrum (Vaults:2)
  A meliai zombie (D:14)
  14 blink frogs
  An ice dragon zombie (Depths:1)
  3 bog bodies
  4 raiju
  39 slime creatures
  A fire dragon zombie (Crypt:1)
  A dream sheep (Depths:1)
  10 hippogriffs
  5 wraiths
  17 redbacks
  12 spriggans
  4 shadows
  2 water elementals
  2 centaur simulacra
  5 air elementals (Elf:2)
  5 wyverns
  32 yaks
  3 fire elementals
  A hog (D:15)
  14 vampire mosquitoes
  2 chaos spawn
  A golden eye (shapeshifter) (D:15)
  5 hungry ghosts
  4 swamp worm simulacra (Swamp:4)
  Menkaure (D:6)
  4 basilisks
  A steam dragon (D:10)
  7 wargs
  5 acid dragons
  26 nagas
  22 swamp worms
  4 insubstantial wisps (Swamp:3)
  2 hell hounds (Lair:6)
  14 hydra simulacra (Swamp:4)
  7 porcupines
  17 water moccasins
  A floating eye (Depths:3)
  39 orc warriors
  8 ice beasts
  2 sky beasts (D:14)
  2 hornet zombies
  A starcursed mass (Abyss:4)
  An eye of draining (shapeshifter) (D:14)
  3 swamp drakes
  A necrophage (D:8)
  27 ogres
  4 wolves
  A wolf (shapeshifter) (Vaults:1)
  A tengu (shapeshifter) (D:15)
  32 boggarts
  27 centaurs
  A crocodile (shapeshifter) (Vaults:1)
  5 crocodiles
  3 big kobolds
  22 bullfrogs
  A gnoll sergeant (D:6)
  2 earth elementals (Elf:2)
  A wyvern skeleton (D:11)
  3 scorpions
  A snapping turtle simulacrum (Crypt:1)
  13 killer bees
  2 wights (Vaults:2)
  7 howler monkeys
  5 bullfrog zombies
  4 electric eels
  9 crimson imps
  3 quasits
  6 jellies
  16 orc wizards
  13 orc priests
  8 centaur skeletons
  3 hounds
  2 bullfrog skeletons
  Jessica (D:3)
  14 worker ants
  A killer bee zombie (D:6)
  A hound zombie (D:9)
  A worker ant zombie (D:6)
  2 howler monkey zombies
  11 gnolls
  A howler monkey skeleton (D:8)
  20 adders
  5 shadow imps
  10 white imps (Lair:4)
  2 oozes
  3 swamp drake simulacra (Swamp:4)
  4 adder skeletons
  An adder zombie (D:6)
  3 worms
  7 leopard geckos
  77 orcs
  5 ball pythons
  5 giant cockroaches
  7 goblins
  9 hobgoblins
  8 jackals
  7 quokkas
  7 bats
  8 frilled lizards
  26 kobolds
  A leopard gecko skeleton (D:4)
  A quokka skeleton (D:4)
  10 rats
  5 crawling corpses (Elf:3)
  A plant (Lair:3)
2120 creatures vanquished.

Vanquished Creatures (collateral kills)
  An ancient lich (Zot:5)
  2 orbs of fire (Zot:5)
  Vashnia (Snake:3)
  A golden dragon (Zot:3)
  An electric golem (Zot:5)
  A quicksilver dragon (Zot:3)
  A deep elf master archer (Elf:3)
  6 Orb Guardians (Zot:5)
  A sphinx (D:14)
  A shadow dragon (Zot:2)
  A thorn hunter (Swamp:1)
  A frost giant (Vaults:4)
  2 fire giants
  2 nagarajas (Snake:4)
  A deep elf sorcerer (Elf:1)
  An iron dragon (D:15)
  A draconian scorcher (Zot:5)
  An ironheart preserver (Vaults:1)
  A reaper (Depths:1)
  A stone giant (Depths:4)
  A green draconian (Zot:5)
  A yellow draconian (Zot:5)
  A white draconian (Zot:2)
  A dire elephant (Depths:1)
  3 ogre magi
  3 naga warriors (Snake:4)
  A deep elf high priest (Elf:3)
  An ice dragon (Depths:4)
  A rakshasa (Depths:1)
  A hydra (Lair:2)
  A vault guard (Vaults:1)
  2 anacondas
  6 two-headed ogres
  A tengu warrior (Depths:3)
  A death knight (D:15)
  A centaur warrior (D:15)
  A deep troll earth mage (D:15)
  A shock serpent (Snake:3)
  8 naga sharpshooters
  A salamander mystic (Snake:3)
  2 deep trolls (Depths:1)
  A spriggan druid (Swamp:1)
  An unseen horror (shapeshifter) (D:15)
  A deep elf archer (Elf:1)
  An unseen horror (D:15)
  3 deep elf magi
  A harpy (D:15)
  A shining eye (D:14)
  3 mana vipers
  2 orc knights (Orc:1)
  3 ugly things
  2 cyclopes
  A salamander (Snake:3)
  3 black mambas
  3 naga magi
  An ice statue (IceCv)
  A spiny frog (Lair:3)
  A komodo dragon (D:15)
  A freezing wraith (Vaults:1)
  A yaktaur (Depths:1)
  An ice devil (Lair:6)
  A queen bee (D:9)
  2 trolls
  5 slime creatures
  A tyrant leech (Depths:4)
  3 hornets
  4 blink frogs
  3 bog bodies (Swamp:3)
  An ettin zombie (Depths:1)
  A centaur simulacrum (D:15)
  5 spriggans
  9 yaks
  A swamp worm simulacrum (Swamp:4)
  3 vampire mosquitoes
  9 nagas
  An insubstantial wisp (Swamp:3)
  3 hell hounds (Lair:6)
  2 porcupines
  2 hydra simulacra (Swamp:4)
  2 water moccasins
  9 ice beasts (IceCv)
  7 orc warriors
  4 ogres
  8 wolves
  7 killer bees (D:9)
  2 crimson imps
  A jelly (Depths:3)
  3 orc priests (Orc:1)
  An iguana (D:8)
  An orc wizard (Orc:1)
  A killer bee zombie (D:8)
  2 white imps (Lair:4)
  A leopard gecko (Orc:2)
  6 orcs
  A rat (Depths:4)
211 creatures vanquished.

Vanquished Creatures (others)
  A golden dragon (Depths:5)
  An eldritch tentacle (Zot:5)
  A nagaraja (Snake:4)
  A very ugly thing (Depths:1)
  A deep elf demonologist (Elf:3)
  A green draconian (Zot:5)
  An ettin (Swamp:4)
  2 rakshasas
  A dancing weapon (Elf:2)
  2 deep troll shamans (Depths:1)
  A deep elf knight (Elf:1)
  2 naga sharpshooters (Snake:4)
  A deep troll (Depths:1)
  A skeletal warrior (D:15)
  An orc knight (D:15)
  2 ugly things (Depths:1)
  A deep elf mage (Vaults:4)
  A manticore (D:15)
  A moth of wrath (Zot:5)
  2 naga magi (Snake:4)
  A water nymph (Elf:1)
  An orange demon (Lair:6)
  A komodo dragon (Swamp:4)
  A kobold demonologist (D:14)
  A freezing wraith (D:15)
  A komodo dragon (shapeshifter) (Depths:3)
  2 meliai (D:14)
  A blink frog (Lair:4)
  A hippogriff (Lair:1)
  A redback (D:12)
  A wraith (D:15)
  A ynoxinul (Depths:1)
  4 humans (D:15)
  A fire elemental (Elf:1)
  A warg (Orc:2)
  A swamp worm (Swamp:4)
  2 nagas (Snake:4)
  A swamp drake (Swamp:4)
  2 orc warriors (Orc:2)
  4 boggarts
  2 centaurs (Orc:2)
  A hound (Orc:2)
  An orc wizard (D:9)
  An adder (D:12)
  3 ball lightnings
  4 orcs
  A jackal (D:4)
  A kobold (D:14)
  A crawling corpse (Elf:3)
  4 fungi
  10 plants
  7 toadstools (Swamp:1)
90 creatures vanquished.

Grand Total: 2421 creatures vanquished

Notes
Turn   | Place    | Note
-------+----------+-------------------------------------------
     0 | D:1      | Yermak the Spriggan Air Elementalist began the quest for the Orb.
     0 | D:1      | Reached XP level 1. HP: 9/9 MP: 5/5
    34 | D:1      | Reached skill level 3 in Air Magic
   142 | D:1      | Reached XP level 2. HP: 13/13 MP: 3/6
   690 | D:1      | Reached XP level 3. HP: 16/16 MP: 5/8
   840 | D:1      | Learned a level 3 spell: Static Discharge
  1007 | D:1      | Reached skill level 3 in Spellcasting
  1007 | D:1      | Reached skill level 1 in Conjurations
  1424 | D:2      | Reached skill level 6 in Stealth
  1424 | D:2      | Reached XP level 4. HP: 21/21 MP: 5/9
  2243 | D:3      | Reached XP level 5. HP: 24/24 MP: 10/10
  2297 | D:3      | Noticed Jessica
  2325 | D:3      | Killed Jessica
  2341 | D:3      | Found a faded altar of an unknown god.
  2342 | D:3      | Reached skill level 1 in Fighting
  2436 | D:3      | Became a worshipper of Nemelex Xobeh the Trickster
  2436 | D:3      | Received a gift from Nemelex Xobeh
  2436 | D:3      | Reached * piety under Nemelex Xobeh
  2558 | D:3      | Received a gift from Nemelex Xobeh
  3463 | D:4      | Reached XP level 6. HP: 30/30 MP: 11/11
  3900 | D:4      | Received a gift from Nemelex Xobeh
  4383 | D:4      | Reached ** piety under Nemelex Xobeh
  4384 | D:4      | Noticed Pikel
  4384 | D:4      | Noticed a slave
  4384 | D:4      | Noticed a slave
  4384 | D:4      | Noticed a slave
  4384 | D:4      | Noticed a slave
  4397 | D:4      | Killed Pikel
  4397 | D:4      | Reached XP level 7. HP: 29/33 MP: 6/18
  4867 | D:5      | Entered Level 5 of the Dungeon
  4880 | D:5      | Reached XP level 8. HP: 37/37 MP: 19/19
  4937 | D:5      | Received a gift from Nemelex Xobeh
  5004 | D:5      | Found a staircase to the Ecumenical Temple.
  5067 | D:5      | Reached skill level 9 in Stealth
  5428 | D:5      | Reached *** piety under Nemelex Xobeh
  5485 | D:5      | Received a gift from Nemelex Xobeh
  5602 | D:5      | Found an opulent altar of Gozag.
  5603 | D:5      | Found a radiant altar of Vehumet.
  6119 | D:6      | Received a gift from Nemelex Xobeh
  6169 | D:6      | Reached skill level 1 in Invocations
  6263 | D:6      | Identified a scroll of acquirement
  6365 | D:6      | Reached skill level 1 in Short Blades
  6540 | D:6      | Noticed Menkaure
  6542 | D:6      | Killed Menkaure
  6548 | D:6      | Reached skill level 3 in Invocations
  6553 | D:6      | Found an opulent altar of Gozag.
  6555 | D:6      | Reached skill level 3 in Short Blades
  6746 | D:6      | Reached XP level 9. HP: 35/41 MP: 20/20
  7166 | D:7      | Found an iron altar of Okawaru.
  7179 | D:7      | Reached **** piety under Nemelex Xobeh
  7372 | D:7      | Received a gift from Nemelex Xobeh
  7806 | D:7      | Found a stormy altar of Qazlal.
  7852 | D:7      | Reached skill level 6 in Short Blades
  8068 | D:7      | Found a blossoming altar of Fedhas.
  8484 | D:7      | Reached skill level 12 in Stealth
  8668 | D:7      | Found Jennenox's Armour Shoppe.
  9409 | D:8      | Noticed Harold
  9760 | D:8      | Noticed Joseph
  9768 | D:8      | Killed Joseph
  9768 | D:8      | Reached skill level 3 in Fighting
  9768 | D:8      | Reached XP level 10. HP: 49/49 MP: 21/21
 10189 | D:8      | Noticed Prince Ribbit
 10463 | D:8      | Found a large runed door.
 10463 | D:8      | Found a large runed door.
 10504 | D:8      | Found a shattered altar of Ashenzari.
 10504 | D:8      | Noticed a fire crab
 10507 | D:8      | Found a shattered altar of Ashenzari.
 10507 | D:8      | Noticed a centaur warrior
 10737 | D:9      | Received a gift from Nemelex Xobeh
 10952 | D:9      | Found a staircase to the Orcish Mines.
 11011 | D:9      | Found a roughly hewn altar of Beogh.
 11070 | D:9      | Reached skill level 6 in Dodging
 11222 | D:9      | Noticed a white ugly thing
 11305 | D:9      | Killed a white ugly thing
 11399 | D:9      | Noticed a two-headed ogre
 11413 | D:9      | Killed a two-headed ogre
 11413 | D:9      | Reached skill level 9 in Dodging
 11642 | D:9      | Reached skill level 9 in Short Blades
 12257 | D:9      | Got a fine triple crossbow
 12258 | D:9      | Identified the +6 triple crossbow "Curche Ywem" {penet, -Tele rN+ SInv} (You acquired it on level 9 of the Dungeon)
 12287 | D:10     | Entered Level 10 of the Dungeon
 12321 | D:10     | Noticed an unseen horror
 12568 | D:10     | Received a gift from Nemelex Xobeh
 12640 | D:10     | Reached XP level 11. HP: 40/53 MP: 2/22
 12951 | D:10     | Killed an unseen horror
 13168 | D:10     | Received a gift from Nemelex Xobeh
 13215 | D:10     | Noticed a white ugly thing
 13226 | D:10     | Killed a white ugly thing
 13333 | D:10     | Received a gift from Nemelex Xobeh
 13427 | D:10     | Found a staircase to the Lair.
 13671 | D:8      | Killed Prince Ribbit
 13671 | D:8      | Reached skill level 12 in Dodging
 14047 | D:11     | Noticed a brown ugly thing
 14050 | D:11     | Killed a brown ugly thing
 14087 | D:11     | Noticed a deep elf mage
 14121 | D:11     | Killed a deep elf mage
 14740 | D:11     | Learned a level 3 spell: Mephitic Cloud
 14795 | Lair:1   | Entered Level 1 of the Lair of Beasts
 14842 | Lair:1   | Noticed an eight-headed hydra
 14849 | Lair:1   | Killed an eight-headed hydra
 14849 | Lair:1   | Reached skill level 1 in Poison Magic
 14868 | Lair:1   | Received a gift from Nemelex Xobeh
 14913 | Lair:1   | Reached skill level 3 in Conjurations
 14922 | Lair:1   | Reached XP level 12. HP: 57/58 MP: 17/23
 14939 | Lair:1   | Received a gift from Nemelex Xobeh
 15037 | Lair:1   | Noticed a five-headed hydra
 15071 | Lair:1   | Killed a five-headed hydra
 15071 | Lair:1   | Reached skill level 15 in Stealth
 15445 | Lair:1   | Noticed Sonja
 15469 | Lair:1   | Noticed Sonja
 15469 | Lair:1   | Sonja changed into Sonja the spriggan
 15472 | Lair:1   | Reached skill level 1 in Evocations
 15478 | Lair:1   | Killed Sonja the spriggan
 15502 | Lair:1   | Received a gift from Nemelex Xobeh
 15620 | Lair:1   | Reached ***** piety under Nemelex Xobeh
 15715 | Lair:1   | Reached skill level 3 in Evocations
 16025 | Lair:2   | Found a staircase to the Snake Pit.
 16027 | Lair:2   | Received a gift from Nemelex Xobeh
 16375 | Lair:2   | Noticed a four-headed hydra
 16408 | Lair:2   | Found a basalt altar of Yredelemnul.
 16408 | Lair:2   | Received a gift from Nemelex Xobeh
 16433 | Lair:2   | Reached skill level 6 in Evocations
 17225 | Lair:2   | Killed a four-headed hydra
 17628 | Lair:3   | Received a gift from Nemelex Xobeh
 17663 | Lair:3   | Found a staircase to the Swamp.
 17721 | Lair:3   | Reached skill level 1 in Shields
 17721 | Lair:3   | Reached skill level 6 in Invocations
 18619 | Lair:3   | Reached XP level 13. HP: 61/61 MP: 2/24
 18714 | Lair:3   | Reached skill level 3 in Shields
 18724 | Lair:3   | Identified the Almanac of Mutagenic Calling
 18981 | Lair:4   | Noticed Nergalle
 19010 | Lair:4   | Received a gift from Nemelex Xobeh
 19059 | Lair:4   | Found a frozen archway.
 19117 | IceCv    | Entered an ice cave
 19733 | IceCv    | Got a scintillating jade ring
 19744 | IceCv    | Identified the ring "Dozah" {rN+ MP+9 Slay+3 Stlth+} (You found it in an ice cave)
 19840 | Lair:4   | Received a gift from Nemelex Xobeh
 19850 | Lair:4   | Killed Nergalle
 19907 | Lair:4   | Learned a level 1 spell: Apportation
 19914 | Lair:4   | Learned a level 6 spell: Invisibility
 20362 | Lair:5   | Reached skill level 9 in Invocations
 20623 | Lair:5   | Received a gift from Nemelex Xobeh
 20626 | Lair:5   | Found a viscous altar of Jiyva.
 20627 | Lair:5   | Found a staircase to the Slime Pits.
 20640 | Lair:5   | Noticed Nessos
 20698 | Lair:5   | Noticed Nessos
 20698 | Lair:5   | Nessos changed into Nessos the fire crab
 20709 | Lair:5   | Noticed Nessos
 20709 | Lair:5   | Nessos the fire crab changed into Nessos the death drake
 20723 | Lair:5   | Noticed Nessos
 20723 | Lair:5   | Nessos the death drake changed into Nessos the yaktaur
 20735 | Lair:5   | Killed Nessos the yaktaur
 20795 | Lair:5   | Received a gift from Nemelex Xobeh
 21122 | Lair:6   | Entered Level 6 of the Lair of Beasts
 21544 | Lair:6   | Reached skill level 15 in Dodging
 21618 | Lair:6   | Reached ****** piety under Nemelex Xobeh
 21858 | Lair:6   | Received a gift from Nemelex Xobeh
 22218 | Lair:6   | Found a burning altar of Makhleb.
 22222 | Lair:6   | Reached XP level 14. HP: 66/66 MP: 25/25
 22272 | Lair:6   | Found a gateway to Hell.
 22509 | D:12     | Noticed Erolcha
 22513 | D:12     | Killed Erolcha
 22611 | D:12     | Noticed Maurice
 22636 | D:12     | Killed Maurice
 22726 | D:12     | Noticed Rupert
 22989 | D:12     | Received a gift from Nemelex Xobeh
 23044 | D:12     | Reached skill level 1 in Hexes
 23121 | D:12     | Found Isexy's Magic Scroll Shop.
 23129 | D:12     | Bought a scroll of acquirement for 936 gold pieces
 23410 | D:12     | Killed Rupert
 23410 | D:12     | Reached skill level 3 in Hexes
 23531 | D:13     | Found Taleicw's Gadget Shoppe.
 23590 | D:13     | Reached skill level 18 in Stealth
 23720 | D:13     | Received a gift from Nemelex Xobeh
 23762 | D:13     | Found a gate to the Vaults.
 23767 | D:13     | Reached skill level 6 in Hexes
 24612 | D:14     | Reached skill level 9 in Hexes
 24698 | D:14     | Noticed a sphinx
 24873 | D:14     | Noticed a fire giant
 25015 | D:14     | Learned a level 1 spell: Animate Skeleton
 25187 | D:14     | Killed a sphinx
 25198 | D:14     | Killed a fire giant
 25280 | D:14     | Received a gift from Nemelex Xobeh
 26038 | D:15     | Entered Level 15 of the Dungeon
 26387 | D:10     | Learned a level 3 spell: Lesser Beckoning
 26509 | D:7      | Bought the -2 hat of the Alchemist {rElec rPois rF+ rC+ rN+ MR+ rMut rCorr} for 566 gold pieces
 26509 | D:7      | Found the -2 hat of the Alchemist {rElec rPois rF+ rC+ rN+ MR+ rMut rCorr}
 26722 | D:13     | Bought a wand of paralysis (13) for 240 gold pieces
 26818 | D:15     | Reached skill level 1 in Translocations
 26833 | D:15     | Reached XP level 15. HP: 70/70 MP: 26/26
 26885 | D:15     | Reached skill level 3 in Translocations
 26961 | D:15     | Received a gift from Nemelex Xobeh
 27005 | D:15     | Found a stormy altar of Qazlal.
 27005 | D:15     | Found a bloodstained altar of Trog.
 27006 | D:15     | Found a shadowy altar of Dithmenos.
 27052 | D:15     | Reached skill level 12 in Hexes
 27200 | D:15     | Found a staircase to the Depths.
 27423 | D:15     | Noticed an iron dragon
 27746 | D:15     | Noticed a fire giant
 27805 | D:15     | Killed a fire giant
 27851 | D:15     | Noticed a tengu reaver
 27889 | D:15     | Killed a tengu reaver
 27953 | D:15     | Reached skill level 9 in Spellcasting
 28320 | D:15     | Reached skill level 1 in Necromancy
 28386 | D:15     | Killed an iron dragon
 28404 | D:15     | Received a gift from Nemelex Xobeh
 28406 | D:15     | Noticed Kirke
 28459 | D:15     | Killed Kirke
 28640 | D:15     | Noticed a frost giant
 28672 | D:15     | Killed a frost giant
 28858 | D:15     | Noticed a storm dragon
 28887 | D:15     | Killed a storm dragon
 28895 | D:15     | Noticed a tengu reaver
 28914 | D:15     | Killed a tengu reaver
 29500 | Orc:1    | Entered Level 1 of the Orcish Mines
 30019 | Orc:2    | Entered Level 2 of the Orcish Mines
 30097 | Orc:2    | Reached XP level 16. HP: 75/75 MP: 31/31
 30135 | Orc:2    | Found Hoiraced's Gadget Emporium.
 30135 | Orc:2    | Found Nashren's Gadget Boutique.
 30139 | Orc:2    | Found Wopniurr's Magic Scroll Shop.
 30141 | Orc:2    | Found Esyxyi's Book Shoppe.
 30338 | Orc:2    | Noticed Snorg
 30360 | Orc:2    | Killed Snorg
 30372 | Orc:2    | Received a gift from Nemelex Xobeh
 30406 | Orc:2    | Found a staircase to the Elven Halls.
 30703 | Elf:1    | Entered Level 1 of the Elven Halls
 31068 | Elf:1    | Reached skill level 6 in Fighting
 31612 | Elf:1    | Received a gift from Nemelex Xobeh
 31854 | Elf:2    | Reached skill level 18 in Dodging
 31935 | Elf:2    | Identified the +6 dagger of Fimbulwinter {freeze, MR- Int+4 Stlth+} (You found it on level 2 of the Elven Halls)
 32302 | Elf:2    | Reached XP level 17. HP: 78/85 MP: 32/32
 32384 | Elf:2    | Found a runed gate.
 32384 | Elf:2    | Found a runed gate.
 32403 | Elf:2    | Found a runed gate.
 32551 | Elf:2    | Received a gift from Nemelex Xobeh
 32912 | Elf:2    | Reached skill level 21 in Stealth
 33068 | Elf:3    | Entered Level 3 of the Elven Halls
 33537 | Elf:3    | Received a gift from Nemelex Xobeh
 33616 | Elf:3    | Reached skill level 9 in Fighting
 34109 | D:10     | Learned a level 4 spell: Cause Fear
 34112 | D:10     | Learned a level 2 spell: Ensorcelled Hibernation
 34143 | Snake:1  | Entered Level 1 of the Snake Pit
 34379 | Snake:1  | Received a gift from Nemelex Xobeh
 34430 | Snake:1  | Reached skill level 1 in Ice Magic
 34698 | Snake:1  | Got a crude silver ring
 34699 | Snake:1  | Identified the ring "Ystilusu" {Fire -Tele Int-3 Dex+7} (You found it on level 1 of the Snake Pit)
 35178 | Snake:2  | Received a gift from Nemelex Xobeh
 35559 | Snake:2  | Got a jewelled quick blade
 35560 | Snake:2  | Identified the +10 quick blade of the Omega Point {venom, rElec rF++} (You acquired it on level 2 of the Snake Pit)
 35593 | Snake:2  | Received a gift from Nemelex Xobeh
 35965 | Snake:3  | Reached XP level 18. HP: 71/93 MP: 33/33
 36204 | Snake:3  | Found a runed door.
 36205 | Snake:3  | Received a gift from Nemelex Xobeh
 36208 | Snake:3  | Noticed Gesuv's ghost (adept KoAs)
 36244 | Snake:3  | Noticed Vashnia
 36271 | Snake:3  | Reached skill level 21 in Dodging
 36429 | Snake:3  | Killed Gesuv's ghost
 36544 | Snake:3  | Killed Vashnia
 37306 | Snake:4  | Entered Level 4 of the Snake Pit
 37325 | Snake:4  | Found Jodd's General Store.
 37367 | Snake:4  | Received a gift from Nemelex Xobeh
 37703 | Snake:4  | Noticed Roxanne
 37732 | Snake:4  | Killed Roxanne
 37764 | Snake:4  | Found Himeav's Antique Armour Emporium.
 37765 | Snake:4  | Received a gift from Nemelex Xobeh
 37826 | Snake:4  | Found Lamytt's Food Shop.
 37892 | Snake:4  | Found Wyovoor's Antique Weapon Shop.
 38650 | Snake:4  | Reached skill level 12 in Invocations
 38828 | Snake:4  | Got a serpentine rune of Zot
 38995 | Swamp:1  | Entered Level 1 of the Swamp
 39037 | Swamp:1  | Reached XP level 19. HP: 98/98 MP: 33/34
 39188 | Swamp:1  | Received a gift from Nemelex Xobeh
 39930 | Swamp:2  | Received a gift from Nemelex Xobeh
 40492 | Swamp:3  | Received a gift from Nemelex Xobeh
 41020 | Swamp:4  | Entered Level 4 of the Swamp
 41062 | Swamp:4  | Received a gift from Nemelex Xobeh
 41436 | Swamp:4  | Got a decaying rune of Zot
 41876 | Swamp:4  | Received a gift from Nemelex Xobeh
 42221 | Vaults:1 | Entered Level 1 of the Vaults
 42606 | Vaults:1 | Reached skill level 24 in Stealth
 42991 | Vaults:1 | Received a gift from Nemelex Xobeh
 42998 | Vaults:1 | Found Umodd's Assorted Antiques.
 43104 | Vaults:1 | Received a gift from Nemelex Xobeh
 43701 | Vaults:1 | Reached skill level 24 in Dodging
 43708 | Vaults:1 | Reached XP level 20. HP: 100/102 MP: 5/35
 44429 | Vaults:2 | Received a gift from Nemelex Xobeh
 45009 | Vaults:2 | Received a gift from Nemelex Xobeh
 45198 | Vaults:2 | Identified the Compendium of Unstable Hexes
 45560 | Vaults:2 | Received a gift from Nemelex Xobeh
 45586 | Vaults:2 | Found a staircase to the Crypt.
 45969 | Crypt:1  | Entered Level 1 of the Crypt
 46402 | Vaults:3 | Received a gift from Nemelex Xobeh
 46861 | Vaults:3 | Noticed Boris
 46864 | Vaults:3 | Received a gift from Nemelex Xobeh
 46868 | Vaults:3 | Killed Boris
 46868 | Vaults:3 | Reached XP level 21. HP: 107/107 MP: 36/36
 46973 | Vaults:3 | Found a hazy altar of Hepliaklqana.
 47072 | Vaults:3 | Reached skill level 27 in Stealth
 47112 | Vaults:3 | Found the +3 pair of gauntlets of War {Slay+5}
 47886 | Vaults:4 | Received a gift from Nemelex Xobeh
 48045 | Vaults:4 | Reached skill level 27 in Dodging
 48555 | Vaults:4 | Reached skill level 9 in Evocations
 48956 | Vaults:4 | Received a gift from Nemelex Xobeh
 49563 | Depths:1 | Entered Level 1 of the Depths
 49603 | Depths:1 | Found a one-way gate leading to the halls of Pandemonium.
 49642 | Depths:1 | Received a gift from Nemelex Xobeh
 49848 | Depths:1 | Reached skill level 15 in Hexes
 50139 | Depths:1 | Found a one-way gate to the infinite horrors of the Abyss.
 50497 | Depths:1 | Received a gift from Nemelex Xobeh
 50732 | Depths:1 | Reached XP level 22. HP: 104/111 MP: 37/37
 51479 | Hell     | Entered the Vestibule of Hell
 51486 | Hell     | Noticed Geryon
 51493 | Hell     | Received a gift from Nemelex Xobeh
 51525 | Depths:1 | Reached skill level 12 in Evocations
 51716 | Depths:2 | Noticed the Enchantress
 51719 | Depths:2 | Noticed the Enchantress
 51719 | Depths:2 | the Enchantress changed into the Enchantress the catoblepas
 51744 | Depths:2 | Killed the Enchantress the catoblepas
 51854 | Depths:2 | Identified the +5 faerie dragon scales {rC- MR+++ rCorr Dex+3} (You found it on level 2 of the Depths)
 52576 | Depths:2 | Reached skill level 15 in Invocations
 52610 | Depths:2 | Received a gift from Nemelex Xobeh
 53104 | Depths:2 | Learned a level 6 spell: Deflect Missiles
 53165 | Depths:2 | Reached skill level 1 in Charms
 53484 | Depths:3 | Reached skill level 3 in Charms
 53500 | Depths:3 | Noticed a juggernaut
 53500 | Depths:3 | a titan changed into a juggernaut
 53632 | Depths:3 | Reached skill level 6 in Air Magic
 53931 | Orc:2    | Bought a book of Spatial Translocations for 1040 gold pieces
 53934 | Orc:2    | Learned a level 2 spell: Blink
 53937 | Orc:2    | Learned a level 2 spell: Passwall
 53942 | Orc:2    | Learned a level 4 spell: Passage of Golubria
 54308 | Depths:3 | Killed a juggernaut
 54308 | Depths:3 | Reached skill level 1 in Transmutations
 54359 | Depths:3 | Reached skill level 1 in Earth Magic
 54421 | Depths:3 | Identified the ring of Fiklemn {*Tele rElec Dex+7} (You took it off a spriggan on level 3 of the Depths)
 54432 | Depths:3 | Found Ceuch's Magic Scroll Boutique.
 54454 | Depths:3 | Reached skill level 6 in Charms
 54459 | Depths:3 | Bought a scroll of brand weapon for 280 gold pieces
 54460 | Depths:3 | Found Quxkoj's Armour Boutique.
 54613 | Depths:3 | Received a gift from Nemelex Xobeh
 54651 | Depths:3 | Reached skill level 3 in Transmutations
 54696 | Depths:3 | Reached skill level 6 in Translocations
 54959 | Depths:3 | Noticed Jory
 54988 | Depths:3 | Killed Jory
 55052 | Depths:3 | Received a gift from Nemelex Xobeh
 55069 | Depths:3 | Reached XP level 23. HP: 103/115 MP: 38/38
 55560 | Depths:4 | Noticed Boris
 55572 | Depths:4 | Killed Boris
 55610 | Depths:4 | Found a portal to a secret trove of treasure.
 55633 | Depths:4 | Reached skill level 9 in Charms
 55836 | Depths:4 | Received a gift from Nemelex Xobeh
 55925 | Depths:4 | Identified the +6 quick blade of Tomorrow {drain, Dex+2} (You found it on level 4 of the Depths)
 56004 | Depths:4 | Received a gift from Nemelex Xobeh
 56107 | Depths:4 | Reached skill level 12 in Charms
 56154 | Depths:4 | Found Hyc Uria's Magic Scroll Shop.
 56155 | Depths:4 | Noticed Sojobo
 56159 | Depths:4 | Killed Sojobo
 56161 | Depths:4 | Noticed Saint Roka
 56179 | Depths:4 | Noticed Saint Roka
 56179 | Depths:4 | Saint Roka changed into Saint Roka the golden dragon
 56213 | Depths:4 | Killed Saint Roka the golden dragon
 57030 | Depths:5 | Entered Level 5 of the Depths
 57169 | Depths:5 | Found a gateway to a ziggurat.
 57645 | Depths:5 | Found a gate to the Realm of Zot.
 57697 | Depths:5 | Reached skill level 12 in Fighting
 57879 | Depths:5 | Received a gift from Nemelex Xobeh
 59659 | Depths:4 | You paid a toll of +4 storm dragon scales to enter a treasure trove
 59660 | Trove    | Entered a treasure trove
 59894 | Depths:1 | Voluntarily entered the Abyss.
 60047 | Abyss:3  | Identified the +1 cloak of the Three Continents {rF+ rC++ Slay+5 Stlth+} (You found it on level 3 of the Abyss)
 60056 | Abyss:4  | Received a gift from Nemelex Xobeh
 60064 | Abyss:4  | Found a sparkling altar of Nemelex Xobeh.
 60090 | Abyss:4  | Found a corrupted altar of Lugonu.
 60271 | Abyss:4  | Got an abyssal rune of Zot
 60318 | Abyss:4  | Received a gift from Nemelex Xobeh
 60373 | Abyss:4  | Reached XP level 24. HP: 88/126 MP: 30/38
 60387 | Depths:1 | Escaped the Abyss
 61550 | Elf:3    | Got a twitching marble ring
 61551 | Elf:3    | Identified the ring of Puozyxic {*Contam rElec MR+ Str+4 Int+6} (You took it off a deep elf blademaster on level 3 of the Elven Halls)
 61863 | Elf:3    | Identified the cursed +0 robe "Wabulu" {+Blink rC- Str+3 Dex+7} (You found it on level 3 of the Elven Halls)
 62098 | Lair:1   | Learned a level 6 spell: Darkness
 62650 | D:13     | Bought a wand of digging (16) for 640 gold pieces
 62694 | D:12     | Bought a scroll of fog for 36 gold pieces
 62825 | Orc:2    | Bought a scroll of summoning for 133 gold pieces
 62825 | Orc:2    | Bought a scroll of enchant armour for 105 gold pieces
 62828 | Orc:2    | Bought a wand of paralysis (15) for 187 gold pieces
 62829 | Orc:2    | Bought a wand of acid (12) for 480 gold pieces
 62829 | Orc:2    | Bought a wand of acid (9) for 390 gold pieces
 62963 | D:12     | Bought a scroll of enchant armour for 135 gold pieces
 63095 | Orc:2    | Bought a wand of acid (8) for 360 gold pieces
 63246 | D:13     | Bought a wand of scattershot (7) for 528 gold pieces
 63247 | D:13     | Bought a wand of clouds (5) for 432 gold pieces
 63527 | Zot:1    | Entered Level 1 of the Realm of Zot
 63744 | Zot:1    | Received a gift from Nemelex Xobeh
 64162 | Zot:1    | Reached skill level 15 in Fighting
 65280 | Zot:2    | Received a gift from Nemelex Xobeh
 65296 | Zot:2    | Found a transporter.
 65297 | Zot:2    | Noticed an orb of fire
 65304 | Zot:2    | Found a transporter.
 65468 | Zot:4    | Reached skill level 15 in Evocations
 65485 | Zot:4    | Received a gift from Nemelex Xobeh
 65632 | Zot:4    | Reached XP level 25. HP: 136/136 MP: 32/38
 66337 | Zot:4    | Received a gift from Nemelex Xobeh
 66758 | Zot:3    | Reached skill level 3 in Earth Magic
 67689 | Zot:5    | Entered Level 5 of the Realm of Zot
 67768 | Zot:5    | Received a gift from Nemelex Xobeh
 67990 | Zot:5    | Reached skill level 18 in Evocations
 68021 | Zot:5    | Noticed an ancient lich
 68094 | Zot:5    | Killed an ancient lich
 68116 | Zot:5    | Noticed an ancient lich
 68155 | Zot:5    | Killed an ancient lich
 68223 | Zot:5    | Learned a level 5 spell: Silence
 68237 | Zot:5    | Noticed an orb of fire
 68239 | Zot:5    | Noticed an orb of fire
 68252 | Zot:5    | Noticed an orb of fire
 68258 | Zot:5    | Noticed an orb of fire
 68269 | Zot:5    | Killed an orb of fire
 68280 | Zot:5    | Killed an orb of fire
 68280 | Zot:5    | Reached XP level 26. HP: 109/145 MP: 38/38
 68318 | Zot:5    | Killed an orb of fire
 68347 | Zot:5    | Killed an orb of fire
 68395 | Zot:5    | Received a gift from Nemelex Xobeh
 68529 | Zot:5    | Noticed an ancient lich
 68550 | Zot:5    | Noticed an ancient lich
 68574 | Zot:5    | Killed an ancient lich
 68579 | Zot:5    | Killed an ancient lich
 68582 | Zot:5    | Noticed an orb of fire
 68607 | Zot:5    | Gained mutation: You are clumsy. (Dex -2) [an orb of fire]
 68609 | Zot:5    | Killed an orb of fire
 68635 | Zot:5    | Noticed an orb of fire
 68639 | Zot:5    | Killed an orb of fire
 68746 | Zot:5    | Got the Orb of Zot
 68786 | Zot:5    | Noticed an ancient lich
 69156 | D:10     | Noticed Myivveewub the pandemonium lord
 69408 | D:$      | Escaped with the Orb!

Skill      XL: |  1  2  3  4  5  6  7  8  9 10 11 12 13 14 15 16 17 18 19 20 21 22 23 24 25 26 |
---------------+-------------------------------------------------------------------------------+-----
Air Magic      | 3 4 5 7 8 |  8.0
Stealth        | 5 6 7 8 10 12 14 15 16 18 20 21 22 24 26 27 | 27.0
Spellcasting   | 3 7 10 | 10.5
Conjurations   | 1 2 3 |  3.0
Fighting       | 1 3 4 7 10 12 15 17 | 17.9
Dodging        | 4 10 13 14 15 16 18 20 22 24 25 27 | 27.0
Invocations    | 3 4 7 10 12 13 14 16 17 | 17.0
Short Blades   | 3 7 9 10 | 10.0
Poison Magic   | 1 2 |  2.0
Evocations     | 8 11 12 15 19 20 | 20.4
Shields        | 2 5 |  5.0
Hexes          | 11 14 15 16 | 16.0
Translocations | 1 4 6 7 |  7.0
Necromancy     | 2 |  2.0
Ice Magic      | 2 |  2.0
Charms         | 7 14 | 14.0
Transmutations | 3 5 |  5.0
Earth Magic    | 1 3 |  3.0

Action                   |  1- 3 |  4- 6 |  7- 9 | 10-12 | 13-15 | 16-18 | 19-21 | 22-24 | 25-27 || total
-------------------------+-------+-------+-------+-------+-------+-------+-------+-------+-------++-------
Melee: Dagger            |    10 |    16 |    28 |    94 |    16 |   118 |       |       |       ||   282
       Rapier            |       |       |       |   289 |  1457 |   518 |       |       |       ||  2264
       Quick blade       |       |       |       |       |       |   518 |  2443 |  2116 |   735 ||  5812
 Fire: Blowgun           |       |       |       |       |    11 |       |       |       |       ||    11
Throw: Tomahawk          |       |       |       |     4 |       |       |       |       |       ||     4
       Throwing net      |       |       |       |       |       |       |       |     1 |       ||     1
 Cast: Shock             |    61 |   144 |   356 |   581 |    50 |    11 |     7 |     2 |       ||  1212
       Static Discharge  |       |     5 |    11 |    50 |     1 |       |       |       |       ||    67
       Animate Skeleton  |       |       |       |       |     8 |     1 |    25 |    43 |    18 ||    95
       Invisibility      |       |       |       |       |     4 |     7 |     9 |    14 |     4 ||    38
       Ensorcelled Hiber |       |       |       |       |       |   110 |   201 |    67 |    17 ||   395
       Mephitic Cloud    |       |       |       |       |       |     1 |     3 |       |       ||     4
       Cause Fear        |       |       |       |       |       |       |     6 |       |       ||     6
       Apportation       |       |       |       |       |       |       |     4 |     8 |       ||    12
       Blink             |       |       |       |       |       |       |       |     4 |       ||     4
       Passwall          |       |       |       |       |       |       |       |    11 |    16 ||    27
       Passage of Golubr |       |       |       |       |       |       |       |     2 |       ||     2
       Deflect Missiles  |       |       |       |       |       |       |       |     2 |     2 ||     4
       Silence           |       |       |       |       |       |       |       |       |     1 ||     1
Invok: Triple Draw       |       |       |       |     1 |       |       |       |       |       ||     1
       Stack Five        |       |       |       |       |     5 |     2 |     5 |       |     1 ||    13
Evoke: Deck              |       |       |     3 |    29 |    72 |    54 |    39 |    50 |    17 ||   264
       Wand              |       |       |       |     9 |    20 |    37 |    11 |     7 |    14 ||    98
       Phantom mirror    |       |       |       |       |     1 |       |       |       |       ||     1
       Box of beasts     |       |       |       |       |       |       |     1 |       |       ||     1
  Use: Scroll            |       |     1 |    12 |    14 |     8 |    17 |     3 |    34 |     2 ||    91
       Potion            |       |       |       |     2 |     2 |     4 |     2 |       |     6 ||    16
 Stab: Sleeping          |     6 |    12 |    13 |    34 |    71 |   183 |   205 |    91 |    44 ||   659
       Distracted        |       |       |       |     6 |    19 |    15 |    21 |    26 |    15 ||   102
       Petrifying        |       |       |       |     2 |       |     4 |       |     3 |       ||     9
       Petrified         |       |       |       |       |     2 |    11 |     1 |     5 |       ||    19
       Invisible         |       |       |       |       |    18 |    29 |    78 |    80 |    35 ||   240
       Paralysed         |       |       |       |       |       |     4 |     3 |     1 |     3 ||    11
       Fleeing           |       |       |       |       |       |     3 |       |     1 |     1 ||     5
       Confused          |       |       |       |       |       |       |     7 |       |       ||     7
       Held in net/web   |       |       |       |       |       |       |       |     2 |       ||     2
  Eat: Ration            |       |     1 |     2 |     6 |     6 |     8 |     8 |    14 |     5 ||    50
Armor: Robe              |     3 |       |    13 |    20 |       |       |       |       |       ||    36
       Steam dragon scal |       |       |       |    20 |    40 |    23 |    37 |    51 |    15 ||   186
Dodge: Dodged            |     8 |    29 |   104 |   619 |   890 |   768 |  1224 |  1175 |   359 ||  5176
       Deflected         |       |       |       |       |       |       |       |    13 |    11 ||    24
Block: Buckler           |       |       |       |    39 |   542 |   422 |   545 |   520 |   138 ||  2206
